 Dungeon Crawl Stone Soup version 0.29.0-5-ge4962eb29e (webtiles) character file.

Game seed: 16418070778400606139

4671 SnakkuSnakku7 the Impaler (level 10, 0/79 HPs)
             Began as a Merfolk Air Elementalist on Aug 30, 2022.
             Was an Elder of Zin.
             Slain by a killer bee (6 damage)
             ... on level 9 of the Dungeon.
             The game lasted 00:13:35 (11159 turns).

SnakkuSnakku7 the Impaler (MfAE)                   Turns: 11159, Time: 00:13:36

Health: 0/79       AC: 15    Str: 12    XL:     10   Next: 44%
Magic:  13/13      EV:  7    Int: 15    God:    Zin [****..]
Gold:   210        SH:  0    Dex: 15    Spells: 13/13 levels left

rFire   . . .      SeeInvis .   a - +0 scythe (protect)
rCold   . . .      Faith    .   (shield currently unavailable)
rNeg    . . .      Spirit   .   K - +0 plate armour
rPois   .          Reflect  .   (no helmet)
rElec   .          Harm     .   (no cloak)
rCorr   .          Rampage  .   c - +0 pair of gloves
Will    .....                   (no boots)
Stlth   ..........              v - amulet of magic regeneration
HPRegen 0.23/turn               f - +4 ring of protection
MPRegen 0.53/turn               j - +4 ring of evasion

@: about to teleport
A: (nimble swimmer 2), mertail
a: Renounce Religion, Recite, Vitalisation, Imprison, Donate Gold


You were on level 9 of the Dungeon.
You worshipped Zin.
Zin was greatly pleased with you.
You visited 1 branch of the dungeon, and saw 9 of its levels.

You collected 400 gold pieces.
You spent 150 gold pieces at shops.
You donated 40 gold pieces to Zin.

Inventory:

Hand Weapons
 a - a +0 scythe of protection (weapon)
 e - a +0 whip
Missiles
 r - 34 poisoned darts (quivered)
 B - 12 curare-tipped darts
 E - a throwing net
Armour
 c - a +0 pair of gloves (worn)
 y - a +0 chain mail
 K - a +0 plate armour (worn)
Jewellery
 f - a +4 ring of protection (left hand)
 j - a +4 ring of evasion (right hand)
 v - an amulet of magic regeneration (around neck)
 F - a ring of protection from cold
 H - a ring of positive energy
 L - a ring of fire
Wands
 x - a wand of flame (18)
 C - a wand of paralysis (23)
 D - a wand of light (8)
 J - a wand of roots (20)
Scrolls
 d - a scroll of poison {unknown}
 g - a scroll of acquirement {unknown}
 h - 2 scrolls of vulnerability
 i - 3 scrolls of magic mapping {unknown}
 l - 3 scrolls of butterflies
 p - 4 scrolls of amnesia
 q - a scroll of enchant armour {unknown}
 u - a scroll of brand weapon {unknown}
 w - a scroll of teleportation
 A - 2 scrolls of enchant weapon
 G - 3 scrolls of fear {unknown}
Potions
 b - 2 potions of magic
 k - a potion of berserk rage {unknown}
 m - a potion of might
 n - 3 potions of attraction
 o - 3 potions of cancellation
 s - 4 potions of brilliance
 t - 3 potions of flight
 z - 3 potions of curing
 I - 2 potions of haste


   Skills:
 + Level 7.4 Fighting
 - Level 16.0 Polearms
 - Level 4.0 Throwing
 - Level 2.6 Dodging
 - Level 2.1 Stealth
 - Level 2.0 Spellcasting
 - Level 0.7 Conjurations
 - Level 2.4 Air Magic


You had 13 spell levels left.
You didn't know any spells.
Your spell library contained the following spells:

 Spells                   Type           Power      Damage    Failure   Level
 Foxfire                  Conj/Fire      8%         2x1d4     100%        1
 Sandblast                Erth           2%         2d4       100%        1
 Shock                    Conj/Air       24%        1d4       100%        1
 Blink                    Tloc           2%         N/A       100%        2
 Passwall                 Tmut/Erth      0%         N/A       100%        2
 Static Discharge         Conj/Air       6%         3-4/arc   100%        2
 Conjure Flame            Conj/Fire      2%         6-21      100%        3
 Inner Flame              Hex/Fire       1%         N/A       100%        3
 Portal Projectile        Hex/Tloc       2%         N/A       100%        3
 Stone Arrow              Conj/Erth      4%         3d7       100%        3
 Swiftness                Air            8%         N/A       100%        3
 Tukima's Dance           Hex            1%         N/A       100%        3
 Airstrike                Air            4%         2d(1-17)  100%        4
 Flame Wave               Conj/Fire      2%         2d4       100%        4
 Blade Hands              Tmut           0%         N/A       100%        5
 Manifold Assault         Tloc           1%         N/A       100%        5
 Summon Forest            Summ/Tloc      0%         N/A       100%        5
 Eringya's Noxious Bog    Tmut/Pois      0%         N/A       100%        6
 Storm Form               Tmut/Air       2%         N/A       100%        7
 Disjunction              Tloc           0%         N/A       100%        8


Dungeon Overview and Level Annotations

Branches:
Dungeon (9/15)             Temple (0/1) D:5
   Lair: D:8-11         Orc: D:9-12

Altars:
Cheibriados
Elyvilon
Fedhas
Hepliaklqana
Kikubaaqudgha
Qazlal
Sif Muna
Yredelemnul
Zin

Shops:
D:5 ?

Annotations:
D:7 Dig


Innate Abilities, Weirdness & Mutations

((You are very nimble when in or above water. (Stealth+, EV+, Speed+++)))
Your lower body shifts to a powerful aquatic tail in water.


Message History

You barely miss something.
You hear some strange, mumbled words.
Something tries to affect you, but you resist.
Something hits you but does no damage. Something bites you but does no damage.
Something completely misses you. Something bites you.
Something draws strength from your injuries!
There is a broken door here.
Something hits you. Something bites you.
Something draws strength from your injuries!
Something hits you. Something bites you.
* * * LOW HITPOINT WARNING * * *
Something draws strength from your injuries!
Okay, then.
As you read the scroll of teleportation, it crumbles to dust.
You feel strangely unstable.
You hear some strange, mumbled words.
Something tries to affect you, but you resist.
Something hits you!
* * * LOW HITPOINT WARNING * * *
Something bites you.
* * * LOW HITPOINT WARNING * * *
Something draws strength from your injuries!
You hear some strange, mumbled words.
Something tries to affect you, but you resist.
You feel better.
Your surroundings suddenly seem different. 5 killer bees come into view.
Found 37 gold pieces and a cloak.
The killer bee buzzes angrily. x4; You hear a shout!
An orc priest comes into view. It is wielding a +0 whip.
You hear a shout!
Unknown command.
As you read the scroll of teleportation, it crumbles to dust.
You feel strangely unstable. The killer bee stings you.
* * * LOW HITPOINT WARNING * * *
The killer bee stings you.
* * * LOW HITPOINT WARNING * * *
The killer bee stings you but does no damage.
The killer bee stings you.
You die...

#
#............#
#
#.......o....#
#
#............#
#............#
.###
#............#
#.....
#[.....y.....#
......
......yyy....#
......
......y@.....#
.....
$.....########
...# .....
...# .... ...#
... ...# ..
...# . ...#
...#


You could see 5 killer bees and an orc priest.

Vanquished Creatures
  A two-headed ogre (D:9)
  The ghost of unlimited1921 the Magician, a novice DjFE of Gozag (D:8)
  A hornet (D:8)
  Sigmund (D:2)
  Menkaure (D:7)
  2 orc warriors (D:8)
  5 ice beasts
  A sky beast (D:7)
  2 ogres
  A centaur (D:7)
  5 kobold brigands
  A necrophage (D:5)
  6 bullfrogs
  A gnoll sergeant (D:8)
  A scorpion (D:5)
  3 killer bees (D:9)
  An electric eel (D:6)
  10 hounds
  3 jellies
  2 gnoll boudas
  3 orc priests
  An iron imp (D:8)
  5 iguanas
  5 orc wizards
  A killer bee simulacrum (D:8)
  20 gnolls
  19 adders
  3 shadow imps
  A white imp (D:5)
  An ufetubus (D:5)
  3 dart slugs
  25 orcs
  7 endoplasms
  3 giant cockroaches
  8 goblins
  6 hobgoblins
  6 jackals
  34 kobolds
  3 quokkas
  5 ball pythons
  4 bats
  2 frilled lizards (D:1)
  4 rats
218 creatures vanquished.

Vanquished Creatures (others)
  2 howler monkey simulacra (D:8)
  A white imp (D:8)
  4 plants
7 creatures vanquished.

Grand Total: 225 creatures vanquished

Notes
Turn   | Place    | Note
-------+----------+-------------------------------------------
     0 | D:1      | SnakkuSnakku7 the Merfolk Air Elementalist began the quest
                  | for the Orb.
     0 | D:1      | Reached XP level 1. HP: 13/13 MP: 3/3
   119 | D:1      | Reached skill level 1 in Fighting
   337 | D:1      | Reached XP level 2. HP: 17/22 MP: 5/5
   666 | D:1      | Reached XP level 3. HP: 10/28 MP: 6/6
  1428 | D:2      | Noticed Sigmund
  1754 | D:2      | HP: 1/29 [something (6)]
  1771 | D:2      | Killed Sigmund
  1772 | D:2      | Reached skill level 1 in Polearms
  1772 | D:2      | Reached XP level 4. HP: 33/35 MP: 7/7
  1772 | D:2      | Reached XP level 5. HP: 39/41 MP: 8/8
  1799 | D:2      | Reached skill level 2 in Polearms
  1799 | D:2      | Reached XP level 6. HP: 44/47 MP: 9/9
  1848 | D:2      | Reached skill level 3 in Polearms
  2063 | D:2      | Found a faded altar of an unknown god.
  2083 | D:2      | Prayed at the altar of an unknown god.
  2083 | D:2      | Became a worshipper of Zin the Law-Giver
  2083 | D:2      | Reached * piety under Zin
  2336 | D:3      | Reached ** piety under Zin
  2847 | D:3      | Reached skill level 4 in Polearms
  2873 | D:3      | Found a blossoming altar of Fedhas.
  3260 | D:2      | Reached skill level 5 in Polearms
  3804 | D:4      | Reached skill level 6 in Polearms
  3804 | D:4      | Reached XP level 7. HP: 46/52 MP: 10/10
  3908 | D:4      | Found a shimmering blue altar of Sif Muna.
  3912 | D:4      | Reached *** piety under Zin
  3980 | D:4      | Reached skill level 7 in Polearms
  4500 | D:5      | Entered Level 5 of the Dungeon
  4510 | D:5      | Reached skill level 8 in Polearms
  4689 | D:5      | Found Kyharib's Magic Scroll Shoppe.
  4697 | D:5      | Bought a scroll of enchant weapon for 90 gold pieces
  4697 | D:5      | Bought a scroll of noise for 12 gold pieces
  4697 | D:5      | Bought a scroll of identify for 24 gold pieces
  4697 | D:5      | Bought a scroll of identify for 24 gold pieces
  4735 | D:5      | Reached skill level 9 in Polearms
  4735 | D:5      | Reached XP level 8. HP: 43/58 MP: 11/11
  4950 | D:5      | Found an ancient bone altar of Kikubaaqudgha.
  5066 | D:5      | Got Anaim's Meditations on Cankerous Translocation
  5219 | D:5      | Reached skill level 10 in Polearms
  5290 | D:5      | Found a staircase to the Ecumenical Temple.
  5318 | D:5      | Reached skill level 11 in Polearms
  6032 | D:6      | Reached skill level 12 in Polearms
  6097 | D:6      | Found a basalt altar of Yredelemnul.
  6279 | D:6      | Reached XP level 9. HP: 63/63 MP: 12/12
  6369 | D:6      | Reached skill level 13 in Polearms
  6475 | D:6      | Reached **** piety under Zin
  6517 | D:6      | Found a white marble altar of Elyvilon.
  7229 | D:7      | Found a stormy altar of Qazlal.
  7263 | D:7      | Reached skill level 14 in Polearms
  7705 | D:7      | Found a hazy altar of Hepliaklqana.
  7782 | D:7      | Noticed Menkaure
  7789 | D:7      | Killed Menkaure
  8059 | D:7      | Found a glowing silver altar of Zin.
  8637 | D:8      | Noticed unlimited1921's ghost (novice DjFE)
  8965 | D:8      | Reached skill level 15 in Polearms
  9368 | D:8      | Found a runed translucent gate.
  9368 | D:8      | Found a runed translucent gate.
  9369 | D:8      | Found a runed translucent gate.
  9531 | D:8      | Found a snail-covered altar of Cheibriados.
  9683 | D:8      | Reached skill level 16 in Polearms
  9683 | D:8      | Reached XP level 10. HP: 61/70 MP: 13/13
 10343 | D:9      | Reached skill level 5 in Fighting
 10790 | D:9      | Noticed a two-headed ogre
 10808 | D:9      | Killed a two-headed ogre
 11082 | D:8      | Killed unlimited1921's ghost
 11159 | D:9      | Slain by a killer bee

Illustrated notes

Levels and vault maps discovered:
D:1:      sevenhm_arrival_forest_fort_small_5, layout_loops_ring, serial_forest,
          infiniplex_forest_zigzag_2, infiniplex_forest_lined_corner,
          infiniplex_forest_clump_double, infiniplex_forest_straight_5,
          infiniplex_forest_straight_5, infiniplex_forest_straight_4
D:2:      layout_loops_ring, hellmonk_ecumenical_altar_run_dry,
          minmay_snake_closets, uniq_sigmund
D:3:      layout_basic, fedhas_altar_2, minivault_27
D:4:      layout_cave_pods, nicolae_sif_muna_condensation,
          minmay_tree_intersection
D:5:      cheibrodos_thug_alley, layout_loops_cross,
          mainiacjoe_overflow_24_doors, minmay_temple_entry_ruins, serial_shops,
          nicolae_shop_crystal
D:6:      layout_basic, nicolae_elyvilon_temple_path, overflow_temple_1_default
D:7:      layout_gridville, zin_treasury, grunt_qazlal_sundering,
          kennysheep_mini_moat, minmay_misc_feat_ornament, uniq_menkaure
D:8:      layout_loops_ring, slow_altar_2, gammafunk_ghost_icy,
          minmay_misc_feat_enclosed, minmay_misc_feat_roman
D:9:      layout_irregular_city, serial_column_ruins, column_ruins_square_large,
          column_ruins_hut_water, column_ruins_open_medium,
          column_ruins_columns_water, column_ruins_columns_straight,
          column_ruins_open_tiny, column_ruins_corridor_dead_end

Skill      XL: |  1  2  3  4  5  6  7  8  9 10 |
---------------+-------------------------------+-----
Fighting       | 1 2 3 7 |  7.4
Throwing       | 4 |  4.0
Polearms       | 1 2 6 9 12 16 | 16.0
Dodging        | |  2.6
Stealth        | |  2.1
Spellcasting   | |  2.0
Conjurations   | |  0.7
Air Magic      | |  2.4

Action                   |  1- 3 |  4- 6 |  7- 9 | 10-12 || total
-------------------------+-------+-------+-------+-------++-------
Melee: Whip              |   109 |       |       |       ||   109
       Unarmed           |     8 |       |       |       ||     8
       Punch             |     1 |       |       |       ||     1
       Halberd           |       |   211 |   557 |   100 ||   868
Throw: Dart              |     9 |     3 |     2 |     6 ||    20
 Cast: Shock             |    15 |       |       |       ||    15
Invok: Vitalisation      |       |       |     1 |     1 ||     2
Evoke: Wand              |       |       |     6 |     2 ||     8
  Use: Potion            |     1 |       |     1 |     2 ||     4
       Scroll            |       |       |    13 |     2 ||    15
Armor: Robe              |    54 |       |       |       ||    54
       Scale mail        |    17 |   125 |       |       ||   142
       Chain mail        |       |    39 |   349 |       ||   388
       Plate armour      |       |       |    61 |    81 ||   142
Dodge: Dodged            |    83 |   113 |    91 |    21 ||   308
